[ AOE2 MATCH · #481317040 ]
UnrankedHuns vs Franks
[ REPLAY ANALYSIS · EXTRACTED FROM THE RECORDED GAME ]
Feudal
12:41
Castle
26:08
Imperial
41:32
| APM avg | 16.0 |
| APM peak | 50 |
| eAPM avg | 11.8 |
| Villagers / military | 201 / 46 |
Focus
⚔️ 18.9% · 🌾 81.1%
Scout Cavalry ×30 · Knight ×16 · Trade Cart ×1
Feudal
11:10
Castle
18:09
Imperial
—
| APM avg | 38.9 |
| APM peak | 101 |
| eAPM avg | 13.0 |
| Villagers / military | 85 / 70 |
Focus
⚔️ 24.7% · 🌾 75.3%
Scout Cavalry ×70
Feudal
12:07
Castle
25:35
Imperial
38:56
| APM avg | 19.7 |
| APM peak | 57 |
| eAPM avg | 9.1 |
| Villagers / military | 85 / 22 |
Focus
⚔️ 16.0% · 🌾 84.0%
Konnik ×13 · Spearman ×5 · Scout Cavalry ×4
Feudal
11:48
Castle
18:09
Imperial
32:44
| APM avg | 18.6 |
| APM peak | 49 |
| eAPM avg | 12.3 |
| Villagers / military | 146 / 75 |
Focus
⚔️ 26.5% · 🌾 73.5%
Knight ×73 · Trade Cart ×4 · Monk ×2
Feudal
11:48
Castle
15:57
Imperial
34:47
| APM avg | 34.6 |
| APM peak | 101 |
| eAPM avg | 19.3 |
| Villagers / military | 161 / 277 |
Focus
⚔️ 26.5% · 🌾 73.5%
Spearman ×126 · Genoese Crossbowman ×96 · Trade Cart ×50 · Hand Cannoneer ×20 · Knight ×18 · Trebuchet (Packed) ×12
Feudal
16:08
Castle
29:26
Imperial
42:45
| APM avg | 10.4 |
| APM peak | 26 |
| eAPM avg | 9.0 |
| Villagers / military | 126 / 75 |
Focus
⚔️ 28.8% · 🌾 71.2%
Militia ×38 · Knight ×37 · Trade Cart ×4
Feudal
12:47
Castle
17:17
Imperial
34:30
| APM avg | 30.0 |
| APM peak | 109 |
| eAPM avg | 19.9 |
| Villagers / military | 153 / 112 |
Focus
⚔️ 24.1% · 🌾 75.9%
Battle Elephant ×61 · Scorpion ×44 · Scout Cavalry ×7
Feudal
10:33
Castle
29:34
Imperial
46:54
| APM avg | 12.7 |
| APM peak | 74 |
| eAPM avg | 6.7 |
| Villagers / military | 115 / 23 |
Focus
⚔️ 22.4% · 🌾 77.6%
War Elephant ×18 · Spearman ×5 · Trade Cart ×3
Match map
Initial resources + every placement click. Lines = walls · curves = elevation contours. ◆ gold · ⬟ stone · ● berries · ✦ relic · ◌ wall gap
Your base· Open — unwalled flank
尼古丁真's base· Open — unwalled flank
Nach's base· Open — unwalled flank
Kuo_Lo's base· Open — unwalled flank
a952920's base· Open — unwalled flank
sezer's base· Open — 8t gap
夜晚的奖励哥's base· Open — unwalled flank
laodiao-9527's base· Open — unwalled flank
Smoothed initial terrain · ◌ = detected wall gap · hover for details
Inputs per minute
— 斯大林 - - 尼古丁真
Build order — 斯大林
First 150 of 255 actions detected
| 0:19 | Create | Villager (Male) ×4 |
| 0:20 | Create | Villager (Male) ×4 |
| 1:51 | Create | Villager (Male) |
| 1:51 | Create | Villager (Male) |
| 2:55 | Create | Villager (Male) ×2 |
| 2:55 | Create | Villager (Male) ×2 |
| 3:53 | Build | Mill |
| 3:59 | Create | Villager (Male) ×2 |
| 4:00 | Create | Villager (Male) ×2 |
| 4:35 | Create | Villager (Male) ×2 |
| 4:35 | Create | Villager (Male) ×2 |
| 4:57 | Build | Farm |
| 5:04 | Build | Farm |
| 6:33 | Create | Villager (Male) |
| 6:33 | Create | Villager (Male) |
| 6:34 | Create | Villager (Male) |
| 6:34 | Create | Villager (Male) |
| 6:34 | Create | Villager (Male) ×4 |
| 6:34 | Create | Villager (Male) ×3 |
| 6:35 | Create | Villager (Male) ×3 |
| 6:35 | Create | Villager (Male) ×3 |
| 7:38 | Build | Lumber Camp |
| 8:43 | Build | Farm |
| 9:13 | Build | Farm |
| 9:30 | Build | Lumber Camp |
| 9:51 | Build | Farm |
| 10:13 | Build | Farm |
| 10:31 | Research | Feudal Age |
| 11:44 | Create | Villager (Male) ×3 |
| 11:44 | Create | Villager (Male) ×3 |
| 12:35 | Build | Farm |
| 12:38 | Build | Farm |
| 12:41 | Age | Feudal Age |
| 12:59 | Research | Horse Collar |
| 13:02 | Research | Double-Bit Axe |
| 13:47 | Build | Farm |
| 13:47 | Build | Farm |
| 13:48 | Build | Farm |
| 13:48 | Build | Farm |
| 13:48 | Build | Farm |
| 13:49 | Build | Farm |
| 13:49 | Build | Farm |
| 13:50 | Build | Farm |
| 13:50 | Build | Farm |
| 14:03 | Create | Villager (Male) ×3 |
| 14:03 | Create | Villager (Male) ×3 |
| 14:11 | Create | Villager (Male) ×2 |
| 14:11 | Create | Villager (Male) ×2 |
| 14:32 | Build | Farm |
| 14:32 | Build | Farm |
| 15:11 | Research | Wheelbarrow |
| 15:28 | Build | Market |
| 15:40 | Create | Villager (Male) ×2 |
| 15:40 | Create | Villager (Male) ×2 |
| 16:14 | Build | Mining Camp |
| 16:34 | Build | Farm |
| 16:34 | Build | Farm |
| 16:41 | Create | Villager (Male) |
| 16:41 | Create | Villager (Male) |
| 16:42 | Create | Villager (Male) |
| 17:16 | Create | Trade Cart |
| 17:57 | Research | Gold Mining |
| 18:22 | Build | Barracks |
| 19:04 | Build | Blacksmith |
| 19:09 | Create | Villager (Male) |
| 19:09 | Create | Villager (Male) |
| 19:48 | Build | Stable |
| 20:09 | Build | Lumber Camp |
| 20:15 | Create | Villager (Male) |
| 20:15 | Create | Villager (Male) |
| 20:16 | Create | Villager (Male) |
| 20:21 | Create | Villager (Male) |
| 20:21 | Create | Villager (Male) |
| 20:30 | Build | Farm |
| 20:30 | Build | Farm |
| 20:31 | Build | Farm |
| 20:31 | Build | Farm |
| 20:32 | Build | Farm |
| 20:32 | Build | Farm |
| 21:03 | Create | Scout Cavalry ×5 |
| 21:03 | Create | Scout Cavalry ×5 |
| 21:04 | Create | Scout Cavalry ×5 |
| 21:17 | Build | Farm |
| 21:18 | Build | Farm |
| 22:33 | Create | Villager (Male) |
| 22:33 | Create | Villager (Male) ×5 |
| 22:33 | Create | Villager (Male) ×5 |
| 22:33 | Create | Villager (Male) ×4 |
| 22:45 | Create | Villager (Male) |
| 22:59 | Build | Farm |
| 23:06 | Build | Farm |
| 23:28 | Research | Castle Age |
| 23:28 | Research | Castle Age |
| 24:02 | Research | Bloodlines |
| 26:08 | Age | Castle Age |
| 26:12 | Build | Lumber Camp |
| 26:16 | Research | Bow Saw |
| 26:24 | Research | Heavy Plow |
| 26:30 | Research | Hand Cart |
| 26:32 | Create | Villager (Male) ×5 |
| 26:32 | Create | Villager (Male) |
| 26:44 | Create | Villager (Male) |
| 26:44 | Create | Villager (Male) |
| 26:51 | Research | Bloodlines |
| 26:52 | Research | Husbandry |
| 26:54 | Research | Light Cavalry (upgrade) |
| 28:04 | Build | Town Center |
| 28:27 | Build | Town Center |
| 30:02 | Create | Villager (Male) ×5 |
| 30:02 | Create | Villager (Male) ×5 |
| 30:02 | Create | Villager (Male) ×5 |
| 30:02 | Create | Villager (Male) ×5 |
| 30:03 | Create | Villager (Male) ×5 |
| 30:03 | Create | Villager (Male) ×5 |
| 30:03 | Create | Villager (Male) ×3 |
| 30:32 | Build | Farm |
| 30:32 | Build | Farm |
| 30:32 | Build | Farm |
| 30:33 | Build | Farm |
| 30:33 | Build | Farm |
| 30:33 | Build | Farm |
| 30:33 | Build | Farm |
| 30:34 | Build | Farm |
| 30:35 | Build | Farm |
| 30:36 | Build | Farm |
| 30:36 | Build | Farm |
| 30:36 | Build | Farm |
| 31:27 | Create | Villager (Male) ×5 |
| 31:27 | Create | Villager (Male) ×5 |
| 31:33 | Create | Villager (Male) ×5 |
| 31:33 | Create | Villager (Male) ×5 |
| 32:31 | Build | Farm |
| 33:39 | Build | Farm |
| 33:42 | Build | Farm |
| 35:23 | Create | Villager (Male) |
| 35:23 | Create | Villager (Male) |
| 35:23 | Create | Villager (Male) |
| 35:23 | Create | Villager (Male) |
| 35:24 | Create | Villager (Male) |
| 35:24 | Create | Villager (Male) |
| 35:24 | Create | Villager (Male) |
| 35:39 | Build | Mining Camp |
| 35:56 | Build | Mill |
| 36:08 | Build | University |
| 36:16 | Create | Knight ×5 |
| 36:17 | Create | Knight |
| 37:32 | Build | Monastery |
| 37:41 | Create | Villager (Male) |
| 37:49 | Create | Villager (Male) |
| 37:49 | Create | Villager (Male) |
Build order — 尼古丁真
First 150 of 253 actions detected
| 0:05 | Build | House |
| 0:10 | Build | House |
| 0:11 | Create | Villager (Male) |
| 0:11 | Create | Villager (Male) |
| 0:12 | Create | Villager (Male) |
| 0:12 | Create | Villager (Male) |
| 1:39 | Create | Villager (Male) |
| 2:29 | Create | Villager (Male) |
| 2:29 | Create | Villager (Male) |
| 3:03 | Create | Villager (Male) |
| 3:03 | Create | Villager (Male) |
| 3:04 | Create | Villager (Male) |
| 3:04 | Create | Villager (Male) |
| 4:31 | Build | Mill |
| 4:54 | Create | Villager (Male) |
| 4:54 | Create | Villager (Male) |
| 4:54 | Create | Villager (Male) |
| 4:55 | Create | Villager (Male) |
| 5:06 | Build | House |
| 5:07 | Build | House |
| 5:23 | Build | Lumber Camp |
| 5:28 | Create | Villager (Male) |
| 5:28 | Create | Villager (Male) |
| 5:29 | Create | Villager (Male) |
| 7:11 | Create | Villager (Male) |
| 7:11 | Create | Villager (Male) |
| 7:55 | Create | Villager (Male) |
| 9:00 | Research | Feudal Age |
| 9:17 | Build | House |
| 9:56 | Build | House |
| 11:10 | Age | Feudal Age |
| 11:12 | Build | Farm |
| 11:12 | Build | Farm |
| 11:14 | Build | Farm |
| 11:21 | Build | Farm |
| 11:40 | Build | Stone Wall |
| 11:50 | Build | Stone Wall |
| 11:57 | Create | Villager (Male) |
| 13:07 | Build | Market |
| 13:20 | Build | Blacksmith |
| 13:24 | Create | Villager (Male) |
| 13:25 | Create | Villager (Male) |
| 13:26 | Create | Villager (Male) |
| 14:11 | Build | Farm |
| 14:14 | Build | Farm |
| 14:15 | Create | Villager (Male) |
| 14:15 | Create | Villager (Male) |
| 14:45 | Build | Farm |
| 14:47 | Build | Farm |
| 15:10 | Build | Farm |
| 15:20 | Research | Castle Age |
| 15:43 | Build | Mining Camp |
| 16:36 | Build | Farm |
| 16:38 | Build | Farm |
| 17:34 | Research | Double-Bit Axe |
| 18:09 | Age | Castle Age |
| 18:19 | Build | Barracks |
| 18:55 | Build | Stable |
| 19:09 | Build | Stable |
| 19:18 | Create | Villager (Male) |
| 19:18 | Create | Villager (Male) |
| 19:22 | Create | Villager (Male) |
| 19:22 | Create | Villager (Male) |
| 19:29 | Research | Light Cavalry (upgrade) |
| 19:46 | Create | Scout Cavalry |
| 19:46 | Create | Scout Cavalry |
| 19:46 | Create | Scout Cavalry |
| 20:11 | Create | Scout Cavalry |
| 20:11 | Create | Scout Cavalry |
| 20:12 | Create | Scout Cavalry |
| 20:12 | Create | Scout Cavalry |
| 20:20 | Build | Town Center |
| 20:25 | Create | Villager (Male) |
| 20:25 | Create | Villager (Male) |
| 20:45 | Build | Farm |
| 21:07 | Build | House |
| 21:27 | Build | House |
| 21:33 | Build | Farm |
| 22:12 | Create | Scout Cavalry |
| 22:12 | Create | Scout Cavalry |
| 22:13 | Create | Scout Cavalry |
| 22:13 | Create | Scout Cavalry |
| 22:25 | Build | Gate |
| 22:41 | Build | Stone Wall |
| 23:01 | Create | Villager (Male) |
| 23:01 | Create | Villager (Male) |
| 23:01 | Create | Villager (Male) |
| 23:01 | Create | Villager (Male) |
| 23:03 | Create | Villager (Male) |
| 23:03 | Create | Villager (Male) |
| 23:05 | Create | Villager (Male) |
| 23:05 | Create | Villager (Male) |
| 23:10 | Build | Farm |
| 23:12 | Build | Farm |
| 23:42 | Build | House |
| 23:44 | Build | House |
| 24:03 | Build | Farm |
| 25:09 | Research | Husbandry |
| 26:23 | Create | Villager (Male) |
| 26:23 | Create | Villager (Male) |
| 26:24 | Create | Villager (Male) |
| 26:25 | Create | Villager (Male) |
| 26:25 | Create | Villager (Male) |
| 26:26 | Create | Villager (Male) |
| 26:33 | Build | Town Center |
| 26:41 | Build | House |
| 26:42 | Build | House |
| 26:43 | Build | House |
| 26:45 | Build | House |
| 26:46 | Build | House |
| 27:05 | Create | Villager (Male) |
| 27:05 | Create | Villager (Male) |
| 27:06 | Create | Villager (Male) |
| 27:06 | Create | Villager (Male) |
| 27:10 | Create | Villager (Male) |
| 27:10 | Create | Villager (Male) |
| 27:10 | Create | Villager (Male) |
| 27:11 | Create | Villager (Male) |
| 28:38 | Create | Scout Cavalry |
| 28:38 | Create | Scout Cavalry |
| 28:39 | Create | Scout Cavalry |
| 28:39 | Create | Scout Cavalry |
| 28:39 | Create | Scout Cavalry |
| 28:39 | Create | Scout Cavalry |
| 29:41 | Create | Scout Cavalry |
| 29:42 | Create | Scout Cavalry |
| 29:45 | Build | Farm |
| 29:47 | Build | Farm |
| 29:48 | Create | Villager (Male) |
| 29:48 | Create | Villager (Male) |
| 29:48 | Create | Villager (Male) |
| 30:05 | Build | Stone Wall |
| 30:27 | Build | Farm |
| 30:37 | Build | Stable |
| 30:40 | Build | Stable |
| 30:46 | Create | Villager (Male) |
| 30:46 | Create | Villager (Male) |
| 30:46 | Create | Villager (Male) |
| 30:49 | Research | Wheelbarrow |
| 30:51 | Build | Farm |
| 30:56 | Create | Scout Cavalry |
| 30:57 | Create | Scout Cavalry |
| 31:26 | Build | Farm |
| 31:34 | Create | Villager (Male) |
| 31:34 | Create | Villager (Male) |
| 31:35 | Create | Villager (Male) |
| 33:47 | Create | Scout Cavalry |
| 33:47 | Create | Scout Cavalry |
| 33:47 | Create | Scout Cavalry |
| 33:47 | Create | Scout Cavalry |
Build order — Nach
First 150 of 252 actions detected
| 0:02 | Create | Villager (Male) |
| 0:02 | Create | Villager (Male) |
| 0:03 | Create | Villager (Male) |
| 0:05 | Build | House |
| 0:08 | Build | House |
| 0:45 | Create | Villager (Male) |
| 0:45 | Create | Villager (Male) |
| 1:59 | Create | Villager (Male) |
| 1:59 | Create | Villager (Male) |
| 2:12 | Create | Villager (Male) |
| 2:13 | Create | Villager (Male) |
| 2:47 | Create | Villager (Male) |
| 2:47 | Create | Villager (Male) |
| 3:19 | Build | Lumber Camp |
| 3:21 | Create | Villager (Male) |
| 3:21 | Create | Villager (Male) |
| 3:51 | Build | Mill |
| 3:55 | Create | Villager (Male) |
| 4:05 | Build | House |
| 4:33 | Create | Villager (Male) |
| 5:25 | Create | Villager (Male) |
| 5:52 | Create | Villager (Male) |
| 6:08 | Create | Villager (Male) |
| 6:35 | Create | Villager (Male) |
| 6:38 | Build | Mining Camp |
| 7:03 | Create | Villager (Male) |
| 7:46 | Create | Villager (Male) |
| 7:47 | Create | Villager (Male) |
| 7:54 | Build | House |
| 8:10 | Build | House |
| 9:32 | Create | Villager (Male) |
| 9:41 | Research | Feudal Age |
| 11:12 | Build | Barracks |
| 11:57 | Research | Loom |
| 12:07 | Age | Feudal Age |
| 12:08 | Create | Villager (Male) |
| 12:11 | Research | Double-Bit Axe |
| 12:24 | Build | Stable |
| 12:40 | Research | Horse Collar |
| 12:47 | Create | Villager (Male) |
| 13:18 | Create | Villager (Male) |
| 13:24 | Research | Wheelbarrow |
| 13:45 | Research | Bloodlines |
| 14:23 | Create | Villager (Male) |
| 14:41 | Build | Blacksmith |
| 14:46 | Create | Scout Cavalry |
| 15:12 | Build | Market |
| 15:31 | Build | Stone Wall |
| 15:43 | Build | Market |
| 15:54 | Research | Wheelbarrow |
| 15:57 | Create | Scout Cavalry |
| 16:02 | Research | Scale Barding Armor |
| 16:12 | Build | House |
| 16:21 | Build | House |
| 16:35 | Create | Scout Cavalry |
| 16:40 | Research | Forging |
| 16:52 | Create | Scout Cavalry |
| 16:57 | Create | Villager (Male) |
| 17:37 | Build | Mining Camp |
| 17:51 | Build | Farm |
| 17:52 | Build | Farm |
| 17:55 | Build | Farm |
| 17:55 | Create | Villager (Male) |
| 17:58 | Research | Town Watch |
| 18:01 | Create | Villager (Male) |
| 18:09 | Build | Farm |
| 19:33 | Build | Farm |
| 19:34 | Create | Villager (Male) |
| 19:36 | Create | Villager (Male) |
| 20:02 | Build | Farm |
| 20:05 | Create | Villager (Male) |
| 20:05 | Create | Villager (Male) |
| 22:42 | Build | Farm |
| 22:43 | Build | Farm |
| 22:44 | Build | Farm |
| 22:55 | Research | Castle Age |
| 23:41 | Create | Spearman |
| 23:41 | Create | Spearman |
| 23:48 | Build | House |
| 23:52 | Build | House |
| 23:53 | Build | House |
| 24:22 | Create | Spearman |
| 25:16 | Build | Stone Wall |
| 25:35 | Age | Castle Age |
| 25:47 | Build | Town Center |
| 25:56 | Build | Town Center |
| 26:19 | Build | Town Center |
| 26:23 | Create | Villager (Male) |
| 26:28 | Research | Bow Saw |
| 26:35 | Build | Lumber Camp |
| 26:41 | Create | Villager (Male) |
| 27:51 | Create | Spearman |
| 27:51 | Create | Spearman |
| 28:37 | Build | Stone Wall |
| 29:22 | Build | Mining Camp |
| 29:42 | Create | Villager (Male) |
| 29:42 | Create | Villager (Male) |
| 29:42 | Create | Villager (Male) |
| 29:43 | Create | Villager (Male) |
| 32:13 | Research | Gold Mining |
| 32:32 | Build | Castle |
| 33:16 | Research | Iron Casting |
| 33:19 | Create | Villager (Male) |
| 33:20 | Create | Villager (Male) |
| 33:20 | Create | Villager (Male) |
| 33:30 | Research | Hand Cart |
| 33:51 | Build | Farm |
| 33:56 | Create | Villager (Male) |
| 33:59 | Create | Villager (Male) |
| 34:01 | Create | Villager (Male) |
| 34:29 | Build | Farm |
| 34:33 | Build | Farm |
| 35:46 | Research | Imperial Age |
| 35:50 | Build | Farm |
| 35:53 | Create | Villager (Male) |
| 35:53 | Create | Villager (Male) |
| 35:53 | Create | Villager (Male) |
| 36:28 | Build | Farm |
| 36:30 | Build | Farm |
| 36:31 | Build | Farm |
| 36:37 | Create | Villager (Male) |
| 36:37 | Create | Villager (Male) |
| 36:37 | Create | Villager (Male) |
| 36:48 | Build | House |
| 36:51 | Build | House |
| 36:53 | Build | House |
| 36:56 | Build | House |
| 37:01 | Build | Archery Range |
| 37:03 | Build | Archery Range |
| 37:04 | Build | Archery Range |
| 37:16 | Create | Villager (Male) |
| 37:16 | Create | Villager (Male) |
| 37:16 | Create | Villager (Male) |
| 37:17 | Create | Villager (Male) |
| 37:17 | Create | Villager (Male) |
| 37:18 | Create | Villager (Male) |
| 37:59 | Research | Heavy Plow |
| 38:56 | Age | Imperial Age |
| 39:16 | Build | Farm |
| 39:17 | Build | Farm |
| 39:19 | Build | Farm |
| 39:24 | Create | Villager (Male) |
| 39:25 | Create | Villager (Male) |
| 39:25 | Create | Villager (Male) |
| 39:25 | Create | Villager (Male) |
| 39:40 | Build | Mining Camp |
| 39:44 | Research | Gold Shaft Mining |
| 40:03 | Create | Villager (Male) |
| 40:03 | Create | Villager (Male) |
| 40:04 | Create | Villager (Male) |
Build order — Kuo_Lo
First 150 of 409 actions detected
| 0:20 | Create | Villager (Male) |
| 0:20 | Create | Villager (Male) |
| 0:20 | Create | Villager (Male) |
| 0:21 | Create | Villager (Male) |
| 0:21 | Create | Villager (Male) |
| 0:29 | Build | House |
| 0:34 | Build | House |
| 0:37 | Build | House |
| 1:19 | Build | House |
| 1:21 | Build | House |
| 1:28 | Create | Villager (Male) |
| 2:20 | Create | Villager (Male) |
| 2:56 | Create | Villager (Male) |
| 3:08 | Create | Villager (Male) |
| 3:58 | Create | Villager (Male) |
| 4:12 | Create | Villager (Male) |
| 4:14 | Create | Villager (Male) |
| 5:10 | Create | Villager (Male) |
| 5:13 | Create | Villager (Male) |
| 5:26 | Build | Mill |
| 5:45 | Build | Lumber Camp |
| 5:57 | Create | Villager (Male) |
| 6:22 | Create | Villager (Male) |
| 6:32 | Create | Villager (Male) |
| 6:53 | Create | Villager (Male) |
| 7:17 | Create | Villager (Male) |
| 7:37 | Create | Villager (Male) |
| 7:56 | Build | Farm |
| 7:59 | Build | Farm |
| 8:07 | Create | Villager (Male) |
| 8:26 | Build | House |
| 8:32 | Build | House |
| 8:37 | Build | House |
| 8:40 | Build | House |
| 8:53 | Create | Villager (Male) |
| 9:38 | Research | Feudal Age |
| 9:38 | Research | Feudal Age |
| 10:04 | Build | House |
| 10:11 | Build | House |
| 10:14 | Build | House |
| 10:16 | Build | House |
| 10:47 | Build | Farm |
| 10:47 | Build | Farm |
| 10:48 | Build | Farm |
| 10:51 | Build | Farm |
| 11:48 | Age | Feudal Age |
| 12:00 | Research | Double-Bit Axe |
| 12:09 | Build | Mining Camp |
| 12:34 | Create | Villager (Male) |
| 12:34 | Create | Villager (Male) |
| 13:04 | Create | Villager (Male) |
| 13:30 | Create | Villager (Male) |
| 14:13 | Build | Blacksmith |
| 14:25 | Build | Market |
| 14:39 | Create | Villager (Male) |
| 14:39 | Create | Villager (Male) |
| 14:41 | Create | Villager (Male) |
| 15:24 | Research | Castle Age |
| 15:25 | Research | Castle Age |
| 16:07 | Build | Farm |
| 16:07 | Build | Farm |
| 16:08 | Build | Farm |
| 16:08 | Build | Farm |
| 16:08 | Build | Farm |
| 16:08 | Build | Farm |
| 16:09 | Build | Farm |
| 16:09 | Build | Farm |
| 16:32 | Build | Barracks |
| 17:29 | Build | Stable |
| 17:31 | Build | Stable |
| 18:08 | Create | Villager (Male) |
| 18:08 | Create | Villager (Male) |
| 18:09 | Create | Villager (Male) |
| 18:09 | Age | Castle Age |
| 18:46 | Build | Town Center |
| 18:58 | Build | Stable |
| 19:05 | Create | Villager (Male) |
| 19:15 | Build | Farm |
| 19:17 | Build | Farm |
| 19:22 | Build | Farm |
| 19:23 | Build | Farm |
| 19:26 | Build | Farm |
| 19:26 | Build | Farm |
| 19:27 | Build | Farm |
| 19:27 | Build | Farm |
| 19:27 | Build | Farm |
| 19:28 | Build | Farm |
| 19:28 | Build | Farm |
| 19:28 | Build | Farm |
| 19:29 | Build | Farm |
| 19:29 | Build | Farm |
| 19:29 | Build | Farm |
| 19:30 | Build | Farm |
| 19:30 | Build | Farm |
| 19:31 | Build | Farm |
| 19:31 | Build | Farm |
| 19:32 | Build | Farm |
| 19:32 | Build | Farm |
| 19:32 | Build | Farm |
| 19:33 | Build | Farm |
| 19:47 | Create | Knight |
| 19:50 | Create | Knight |
| 20:01 | Research | Bow Saw |
| 20:05 | Create | Knight |
| 20:13 | Create | Knight |
| 20:55 | Build | Monastery |
| 21:04 | Create | Villager (Male) |
| 21:04 | Create | Villager (Male) |
| 21:07 | Create | Villager (Male) |
| 21:46 | Create | Knight |
| 21:47 | Create | Knight |
| 21:49 | Create | Monk |
| 22:16 | Build | University |
| 22:20 | Create | Villager (Male) |
| 22:21 | Create | Villager (Male) |
| 22:25 | Create | Villager (Male) |
| 22:25 | Create | Villager (Male) |
| 22:25 | Create | Villager (Male) |
| 22:30 | Create | Knight |
| 22:30 | Create | Knight |
| 23:16 | Research | Wheelbarrow |
| 23:17 | Create | Villager (Male) |
| 23:17 | Create | Villager (Male) |
| 23:26 | Build | House |
| 23:28 | Build | House |
| 23:31 | Build | House |
| 23:45 | Create | Villager (Male) |
| 23:45 | Create | Villager (Male) |
| 23:52 | Build | Farm |
| 23:52 | Build | Farm |
| 23:53 | Build | Farm |
| 23:53 | Build | Farm |
| 23:53 | Build | Farm |
| 23:54 | Build | Farm |
| 24:00 | Create | Villager (Male) |
| 24:02 | Create | Villager (Male) |
| 24:02 | Create | Villager (Male) |
| 24:10 | Build | Lumber Camp |
| 25:08 | Build | Town Center |
| 25:16 | Create | Villager (Male) |
| 25:51 | Create | Villager (Male) |
| 26:18 | Create | Villager (Male) |
| 26:18 | Create | Villager (Male) |
| 26:19 | Create | Villager (Male) |
| 27:00 | Create | Villager (Male) |
| 27:01 | Create | Villager (Male) |
| 27:02 | Research | Gold Mining |
| 27:04 | Create | Villager (Male) |
| 27:04 | Create | Villager (Male) |
| 27:08 | Create | Villager (Male) |
Build order — a952920
First 150 of 481 actions detected
| 0:01 | Create | Villager (Male) |
| 0:01 | Create | Villager (Male) |
| 0:01 | Create | Villager (Male) |
| 0:02 | Create | Villager (Male) |
| 0:02 | Create | Villager (Male) |
| 0:04 | Build | House |
| 0:05 | Build | House |
| 0:28 | Build | House |
| 1:28 | Create | Villager (Male) |
| 1:57 | Create | Villager (Male) |
| 1:57 | Create | Villager (Male) |
| 2:33 | Create | Villager (Male) |
| 2:33 | Create | Villager (Male) |
| 2:39 | Create | Villager (Male) |
| 2:39 | Create | Villager (Male) |
| 3:04 | Create | Villager (Male) |
| 3:16 | Create | Villager (Male) |
| 3:17 | Create | Villager (Male) |
| 3:32 | Create | Villager (Male) |
| 3:32 | Create | Villager (Male) |
| 3:54 | Create | Villager (Male) |
| 3:54 | Create | Villager (Male) |
| 4:14 | Create | Villager (Male) |
| 4:14 | Create | Villager (Male) |
| 4:35 | Create | Villager (Male) |
| 4:35 | Create | Villager (Male) |
| 4:52 | Create | Villager (Male) |
| 4:52 | Create | Villager (Male) |
| 5:13 | Build | Lumber Camp |
| 5:16 | Build | House |
| 5:17 | Build | House |
| 5:21 | Create | Villager (Male) |
| 5:23 | Create | Villager (Male) |
| 5:23 | Create | Villager (Male) |
| 5:43 | Create | Villager (Male) |
| 5:43 | Create | Villager (Male) |
| 6:07 | Build | House |
| 6:07 | Build | House |
| 6:15 | Build | House |
| 6:19 | Create | Villager (Male) |
| 6:19 | Create | Villager (Male) |
| 7:43 | Create | Villager (Male) |
| 8:06 | Build | Mining Camp |
| 8:26 | Create | Villager (Male) |
| 8:54 | Build | House |
| 8:55 | Build | House |
| 9:07 | Create | Villager (Male) |
| 9:20 | Build | Mill |
| 9:31 | Research | Feudal Age |
| 9:31 | Research | Feudal Age |
| 9:34 | Research | Loom |
| 11:19 | Build | Barracks |
| 11:48 | Age | Feudal Age |
| 11:49 | Build | Blacksmith |
| 12:16 | Build | Stable |
| 12:27 | Create | Villager (Male) |
| 12:28 | Create | Villager (Male) |
| 13:09 | Build | Mining Camp |
| 13:11 | Research | Castle Age |
| 13:45 | Research | Horse Collar |
| 13:45 | Research | Horse Collar |
| 14:26 | Research | Bloodlines |
| 15:19 | Build | Farm |
| 15:20 | Build | Farm |
| 15:20 | Build | Farm |
| 15:21 | Build | Farm |
| 15:23 | Build | Farm |
| 15:36 | Build | Farm |
| 15:37 | Build | Farm |
| 15:38 | Build | Farm |
| 15:43 | Create | Villager (Male) |
| 15:43 | Create | Villager (Male) |
| 15:57 | Age | Castle Age |
| 16:05 | Research | Wheelbarrow |
| 16:17 | Build | Farm |
| 16:17 | Build | Farm |
| 16:33 | Create | Knight |
| 16:33 | Create | Knight |
| 17:03 | Create | Villager (Male) |
| 17:04 | Create | Villager (Male) |
| 17:28 | Build | Town Center |
| 17:35 | Create | Villager (Male) |
| 17:55 | Build | Farm |
| 17:56 | Build | Farm |
| 17:59 | Create | Villager (Male) |
| 17:59 | Create | Villager (Male) |
| 18:33 | Create | Villager (Male) |
| 18:36 | Build | Farm |
| 18:37 | Build | Farm |
| 18:40 | Create | Knight |
| 18:40 | Create | Knight |
| 18:58 | Create | Knight |
| 18:59 | Create | Knight |
| 19:47 | Create | Villager (Male) |
| 19:47 | Create | Villager (Male) |
| 19:49 | Create | Villager (Male) |
| 19:49 | Create | Villager (Male) |
| 20:04 | Create | Knight |
| 20:14 | Create | Villager (Male) |
| 20:19 | Build | Farm |
| 20:20 | Build | Farm |
| 20:22 | Build | Farm |
| 20:25 | Build | Farm |
| 20:26 | Create | Villager (Male) |
| 20:31 | Create | Villager (Male) |
| 20:31 | Create | Villager (Male) |
| 20:43 | Create | Villager (Male) |
| 21:17 | Create | Villager (Male) |
| 21:20 | Create | Villager (Male) |
| 21:20 | Create | Villager (Male) |
| 21:20 | Create | Villager (Male) |
| 21:38 | Create | Villager (Male) |
| 22:28 | Create | Villager (Male) |
| 22:28 | Create | Villager (Male) |
| 22:31 | Create | Villager (Male) |
| 22:31 | Create | Villager (Male) |
| 22:36 | Build | Farm |
| 22:38 | Build | Farm |
| 22:42 | Build | Farm |
| 22:43 | Build | Farm |
| 22:50 | Build | Farm |
| 22:51 | Build | Farm |
| 22:55 | Create | Villager (Male) |
| 22:55 | Create | Villager (Male) |
| 22:56 | Create | Villager (Male) |
| 22:58 | Create | Villager (Male) |
| 23:01 | Build | Farm |
| 23:02 | Build | Farm |
| 23:03 | Build | Farm |
| 23:05 | Build | Farm |
| 23:09 | Create | Villager (Male) |
| 23:09 | Create | Villager (Male) |
| 23:14 | Build | Town Center |
| 23:29 | Create | Knight |
| 23:30 | Create | Knight |
| 24:08 | Create | Villager (Male) |
| 24:08 | Create | Villager (Male) |
| 24:09 | Create | Villager (Male) |
| 24:09 | Create | Villager (Male) |
| 24:10 | Create | Villager (Male) |
| 24:23 | Create | Villager (Male) |
| 24:24 | Create | Villager (Male) |
| 24:24 | Create | Villager (Male) |
| 24:40 | Research | Double-Bit Axe |
| 24:40 | Research | Double-Bit Axe |
| 24:44 | Build | House |
| 24:44 | Build | House |
| 24:44 | Build | House |
| 24:45 | Build | House |
| 24:45 | Build | House |
Build order — sezer
First 150 of 318 actions detected
| 0:10 | Create | Villager (Male) |
| 0:10 | Create | Villager (Male) |
| 0:10 | Create | Villager (Male) |
| 0:11 | Create | Villager (Male) |
| 0:11 | Create | Villager (Male) |
| 0:11 | Create | Villager (Male) |
| 0:16 | Build | House |
| 0:18 | Build | House |
| 1:54 | Create | Villager (Male) |
| 1:54 | Create | Villager (Male) |
| 1:54 | Create | Villager (Male) |
| 1:55 | Create | Villager (Male) |
| 2:30 | Create | Villager (Male) |
| 2:30 | Create | Villager (Male) |
| 2:30 | Create | Villager (Male) |
| 2:41 | Build | Mill |
| 2:57 | Research | Loom |
| 3:04 | Create | Villager (Male) |
| 3:04 | Create | Villager (Male) |
| 3:04 | Create | Villager (Male) |
| 3:41 | Create | Villager (Male) |
| 3:41 | Create | Villager (Male) |
| 3:41 | Create | Villager (Male) |
| 3:56 | Build | Lumber Camp |
| 4:03 | Create | Villager (Male) |
| 4:03 | Create | Villager (Male) |
| 4:33 | Create | Villager (Male) |
| 4:34 | Create | Villager (Male) |
| 5:06 | Create | Villager (Male) |
| 5:06 | Create | Villager (Male) |
| 5:16 | Build | House |
| 5:17 | Build | House |
| 5:28 | Create | Villager (Male) |
| 5:28 | Create | Villager (Male) |
| 5:29 | Create | Villager (Male) |
| 5:29 | Create | Villager (Male) |
| 6:00 | Create | Villager (Male) |
| 6:00 | Create | Villager (Male) |
| 6:00 | Create | Villager (Male) |
| 6:00 | Create | Villager (Male) |
| 6:54 | Create | Villager (Male) |
| 6:54 | Create | Villager (Male) |
| 6:54 | Create | Villager (Male) |
| 6:54 | Create | Villager (Male) |
| 7:05 | Build | Mill |
| 7:14 | Create | Villager (Male) |
| 7:14 | Create | Villager (Male) |
| 7:14 | Create | Villager (Male) |
| 7:14 | Create | Villager (Male) |
| 7:24 | Create | Villager (Male) |
| 7:24 | Create | Villager (Male) |
| 7:25 | Create | Villager (Male) |
| 8:01 | Create | Villager (Male) |
| 8:01 | Create | Villager (Male) |
| 8:01 | Create | Villager (Male) |
| 8:01 | Create | Villager (Male) |
| 8:33 | Build | House |
| 8:34 | Build | House |
| 9:00 | Create | Villager (Male) |
| 9:00 | Create | Villager (Male) |
| 9:01 | Create | Villager (Male) |
| 9:01 | Create | Villager (Male) |
| 9:26 | Create | Villager (Male) |
| 9:27 | Create | Villager (Male) |
| 9:27 | Create | Villager (Male) |
| 9:27 | Create | Villager (Male) |
| 9:42 | Create | Villager (Male) |
| 9:42 | Create | Villager (Male) |
| 9:42 | Create | Villager (Male) |
| 9:54 | Create | Villager (Male) |
| 9:54 | Create | Villager (Male) |
| 9:55 | Create | Villager (Male) |
| 9:55 | Create | Villager (Male) |
| 11:24 | Create | Villager (Male) |
| 11:25 | Create | Villager (Male) |
| 12:11 | Build | House |
| 12:12 | Build | House |
| 12:14 | Build | House |
| 12:24 | Create | Villager (Male) |
| 12:41 | Build | Farm |
| 13:03 | Build | Mining Camp |
| 13:09 | Create | Villager (Male) |
| 13:24 | Build | Farm |
| 13:32 | Build | Mining Camp |
| 13:58 | Research | Feudal Age |
| 14:07 | Build | Farm |
| 14:28 | Create | Villager (Male) |
| 14:28 | Create | Villager (Male) |
| 14:28 | Create | Villager (Male) |
| 14:29 | Create | Villager (Male) |
| 14:29 | Create | Villager (Male) |
| 14:30 | Create | Villager (Male) |
| 14:41 | Build | Farm |
| 14:43 | Build | Farm |
| 14:45 | Build | Farm |
| 14:47 | Build | Farm |
| 14:48 | Build | Farm |
| 14:51 | Build | Farm |
| 14:54 | Build | Farm |
| 14:57 | Build | Farm |
| 14:59 | Build | Farm |
| 15:04 | Build | Farm |
| 15:07 | Build | Farm |
| 15:11 | Build | Farm |
| 15:13 | Build | Farm |
| 15:15 | Build | Farm |
| 15:18 | Build | Farm |
| 15:40 | Create | Villager (Male) |
| 16:08 | Age | Feudal Age |
| 16:32 | Research | Wheelbarrow |
| 16:34 | Create | Villager (Male) |
| 16:34 | Create | Villager (Male) |
| 16:35 | Create | Villager (Male) |
| 16:35 | Create | Villager (Male) |
| 16:35 | Create | Villager (Male) |
| 16:44 | Build | Market |
| 16:48 | Create | Villager (Male) |
| 16:49 | Create | Villager (Male) |
| 17:09 | Create | Villager (Male) |
| 17:09 | Create | Villager (Male) |
| 17:23 | Build | Farm |
| 17:30 | Build | Farm |
| 17:34 | Research | Double-Bit Axe |
| 17:38 | Research | Horse Collar |
| 18:07 | Build | Farm |
| 18:14 | Research | Gold Mining |
| 18:15 | Research | Stone Mining |
| 19:23 | Build | Blacksmith |
| 19:29 | Create | Trade Cart |
| 19:29 | Create | Trade Cart |
| 20:30 | Build | Barracks |
| 21:42 | Create | Militia |
| 21:43 | Create | Militia |
| 21:43 | Create | Militia |
| 21:43 | Create | Militia |
| 21:43 | Create | Militia |
| 21:44 | Create | Militia |
| 21:44 | Create | Militia |
| 21:44 | Create | Militia |
| 21:44 | Create | Militia |
| 21:44 | Create | Militia |
| 21:53 | Build | Barracks |
| 21:56 | Build | Barracks |
| 23:05 | Create | Villager (Male) |
| 23:06 | Create | Villager (Male) |
| 23:06 | Create | Villager (Male) |
| 23:06 | Create | Villager (Male) |
| 23:06 | Create | Villager (Male) |
| 23:08 | Create | Villager (Male) |
| 23:42 | Build | House |
Build order — 夜晚的奖励哥
First 150 of 509 actions detected
| 0:06 | Build | House |
| 0:07 | Build | House |
| 0:08 | Create | Villager (Male) |
| 0:08 | Create | Villager (Male) |
| 0:09 | Create | Villager (Male) |
| 0:09 | Create | Villager (Male) |
| 1:50 | Create | Villager (Male) |
| 1:50 | Create | Villager (Male) |
| 2:01 | Build | Lumber Camp |
| 2:07 | Create | Villager (Male) |
| 2:07 | Create | Villager (Male) |
| 2:07 | Create | Villager (Male) |
| 2:36 | Create | Villager (Male) |
| 2:36 | Create | Villager (Male) |
| 2:36 | Create | Villager (Male) |
| 2:36 | Create | Villager (Male) |
| 3:04 | Create | Villager (Male) |
| 3:04 | Create | Villager (Male) |
| 3:05 | Create | Villager (Male) |
| 3:52 | Create | Villager (Male) |
| 3:52 | Create | Villager (Male) |
| 3:52 | Create | Villager (Male) |
| 3:52 | Create | Villager (Male) |
| 4:08 | Create | Villager (Male) |
| 4:09 | Create | Villager (Male) |
| 4:09 | Create | Villager (Male) |
| 4:28 | Build | Mill |
| 4:40 | Create | Villager (Male) |
| 4:40 | Create | Villager (Male) |
| 4:40 | Create | Villager (Male) |
| 4:53 | Build | House |
| 5:05 | Build | House |
| 5:05 | Build | House |
| 5:11 | Create | Villager (Male) |
| 5:11 | Create | Villager (Male) |
| 5:11 | Create | Villager (Male) |
| 5:41 | Create | Villager (Male) |
| 5:42 | Create | Villager (Male) |
| 5:54 | Create | Villager (Male) |
| 5:55 | Create | Villager (Male) |
| 6:24 | Build | House |
| 7:02 | Create | Villager (Male) |
| 7:02 | Create | Villager (Male) |
| 7:25 | Build | Farm |
| 8:00 | Create | Villager (Male) |
| 8:28 | Create | Villager (Male) |
| 8:45 | Build | Farm |
| 8:52 | Build | Farm |
| 8:53 | Build | Farm |
| 8:56 | Build | Farm |
| 9:05 | Create | Villager (Male) |
| 9:05 | Create | Villager (Male) |
| 9:47 | Build | Farm |
| 9:47 | Build | Farm |
| 9:47 | Build | Farm |
| 9:47 | Build | Farm |
| 9:48 | Build | Farm |
| 9:48 | Build | Farm |
| 9:48 | Build | Farm |
| 9:50 | Build | Farm |
| 9:51 | Build | Farm |
| 10:07 | Build | Farm |
| 10:12 | Create | Villager (Male) |
| 10:21 | Research | Feudal Age |
| 10:21 | Research | Feudal Age |
| 10:34 | Build | Mining Camp |
| 11:12 | Build | House |
| 11:23 | Build | House |
| 11:23 | Build | House |
| 12:00 | Create | Villager (Male) |
| 12:00 | Create | Villager (Male) |
| 12:47 | Age | Feudal Age |
| 13:12 | Create | Villager (Male) |
| 13:50 | Create | Villager (Male) |
| 14:07 | Build | Farm |
| 14:32 | Build | Farm |
| 14:37 | Research | Castle Age |
| 14:38 | Research | Castle Age |
| 14:38 | Research | Castle Age |
| 14:57 | Build | Stable |
| 15:05 | Build | Stable |
| 15:05 | Build | Stable |
| 15:10 | Research | Horse Collar |
| 15:10 | Research | Horse Collar |
| 15:10 | Research | Horse Collar |
| 15:14 | Research | Gold Mining |
| 15:28 | Research | Double-Bit Axe |
| 15:29 | Research | Double-Bit Axe |
| 15:29 | Research | Double-Bit Axe |
| 15:29 | Research | Double-Bit Axe |
| 15:30 | Research | Double-Bit Axe |
| 15:41 | Create | Villager (Male) |
| 15:42 | Create | Villager (Male) |
| 15:42 | Create | Villager (Male) |
| 16:21 | Create | Villager (Male) |
| 16:32 | Research | Bloodlines |
| 16:33 | Research | Bloodlines |
| 16:33 | Research | Bloodlines |
| 16:59 | Create | Scout Cavalry |
| 17:15 | Create | Scout Cavalry |
| 17:15 | Create | Scout Cavalry |
| 17:17 | Age | Castle Age |
| 17:38 | Build | Town Center |
| 17:55 | Build | Town Center |
| 18:02 | Create | Villager (Male) |
| 18:02 | Create | Villager (Male) |
| 18:08 | Research | Light Cavalry (upgrade) |
| 18:08 | Research | Light Cavalry (upgrade) |
| 18:09 | Research | Light Cavalry (upgrade) |
| 18:11 | Create | Scout Cavalry |
| 18:22 | Build | House |
| 18:48 | Research | Bow Saw |
| 18:48 | Research | Bow Saw |
| 18:49 | Research | Bow Saw |
| 19:06 | Build | House |
| 19:18 | Create | Villager (Male) |
| 19:18 | Create | Villager (Male) |
| 19:34 | Create | Villager (Male) |
| 19:36 | Build | Farm |
| 20:03 | Create | Villager (Male) |
| 20:06 | Create | Villager (Male) |
| 20:35 | Create | Villager (Male) |
| 20:36 | Create | Villager (Male) |
| 20:36 | Create | Villager (Male) |
| 20:47 | Build | House |
| 20:47 | Build | House |
| 20:50 | Build | House |
| 20:51 | Build | House |
| 20:52 | Build | House |
| 20:53 | Build | House |
| 20:54 | Build | House |
| 20:54 | Build | House |
| 21:01 | Create | Villager (Male) |
| 21:01 | Create | Villager (Male) |
| 21:02 | Create | Villager (Male) |
| 21:02 | Create | Villager (Male) |
| 21:04 | Create | Villager (Male) |
| 21:04 | Create | Villager (Male) |
| 21:15 | Build | Farm |
| 21:21 | Build | Farm |
| 21:21 | Build | Farm |
| 21:21 | Build | Farm |
| 21:21 | Build | Farm |
| 21:22 | Build | Farm |
| 21:22 | Build | Farm |
| 21:22 | Build | Farm |
| 21:22 | Build | Farm |
| 21:23 | Build | Farm |
| 21:24 | Build | Farm |
| 21:31 | Create | Villager (Male) |
Build order — laodiao-9527
First 150 of 177 actions detected
| 0:16 | Build | House |
| 0:17 | Build | House |
| 0:20 | Build | House |
| 0:27 | Create | Villager (Male) |
| 0:28 | Create | Villager (Male) |
| 0:28 | Create | Villager (Male) |
| 0:28 | Create | Villager (Male) |
| 0:28 | Create | Villager (Male) |
| 0:28 | Create | Villager (Male) |
| 1:15 | Build | House |
| 2:16 | Build | Mill |
| 2:22 | Create | Villager (Male) |
| 2:22 | Create | Villager (Male) |
| 2:22 | Create | Villager (Male) |
| 2:55 | Create | Villager (Male) |
| 2:55 | Create | Villager (Male) |
| 3:21 | Create | Villager (Male) |
| 3:22 | Create | Villager (Male) |
| 3:22 | Create | Villager (Male) |
| 4:29 | Create | Villager (Male) |
| 4:30 | Create | Villager (Male) |
| 4:30 | Create | Villager (Male) |
| 4:30 | Create | Villager (Male) |
| 4:49 | Create | Villager (Male) |
| 4:49 | Create | Villager (Male) |
| 6:18 | Create | Villager (Male) |
| 6:34 | Build | Lumber Camp |
| 6:50 | Create | Villager (Male) |
| 6:50 | Create | Villager (Male) |
| 7:39 | Create | Villager (Male) |
| 7:47 | Build | Farm |
| 8:26 | Create | Villager (Male) |
| 8:29 | Research | Feudal Age |
| 8:58 | Build | House |
| 9:01 | Build | House |
| 9:17 | Build | House |
| 10:11 | Create | Villager (Male) |
| 10:26 | Build | Mining Camp |
| 10:33 | Age | Feudal Age |
| 10:45 | Build | House |
| 10:47 | Create | Villager (Male) |
| 10:53 | Research | Double-Bit Axe |
| 11:10 | Research | Loom |
| 11:19 | Build | House |
| 11:32 | Build | Farm |
| 11:42 | Build | House |
| 11:51 | Build | House |
| 11:55 | Create | Villager (Male) |
| 11:59 | Research | Horse Collar |
| 12:01 | Research | Gold Mining |
| 12:07 | Create | Villager (Male) |
| 12:32 | Create | Villager (Male) |
| 12:43 | Build | Farm |
| 13:01 | Build | Stone Wall |
| 13:07 | Build | Stone Wall |
| 13:15 | Build | Gate |
| 13:20 | Build | Farm |
| 13:20 | Create | Villager (Male) |
| 13:22 | Research | Wheelbarrow |
| 13:25 | Research | Stone Mining |
| 13:47 | Build | Farm |
| 14:16 | Create | Villager (Male) |
| 14:33 | Build | Mining Camp |
| 15:01 | Create | Villager (Male) |
| 15:20 | Build | Farm |
| 15:49 | Build | Stone Wall |
| 15:53 | Build | Farm |
| 15:54 | Create | Villager (Male) |
| 15:57 | Create | Villager (Male) |
| 15:58 | Create | Villager (Male) |
| 16:22 | Build | Farm |
| 16:45 | Build | Stone Wall |
| 17:09 | Build | Farm |
| 17:24 | Build | Farm |
| 17:25 | Create | Villager (Male) |
| 17:26 | Create | Villager (Male) |
| 17:27 | Create | Villager (Male) |
| 17:54 | Build | Farm |
| 18:14 | Build | Farm |
| 18:35 | Create | Villager (Male) |
| 19:05 | Build | Farm |
| 19:50 | Create | Villager (Male) |
| 19:50 | Create | Villager (Male) |
| 19:50 | Create | Villager (Male) |
| 19:51 | Create | Villager (Male) |
| 19:51 | Create | Villager (Male) |
| 19:51 | Create | Villager (Male) |
| 21:39 | Build | Farm |
| 21:41 | Build | Farm |
| 21:49 | Create | Villager (Male) |
| 21:50 | Create | Villager (Male) |
| 22:09 | Build | Barracks |
| 23:10 | Build | Farm |
| 23:13 | Create | Spearman |
| 23:14 | Create | Spearman |
| 23:23 | Build | Farm |
| 23:33 | Create | Spearman |
| 23:34 | Create | Spearman |
| 24:14 | Create | Spearman |
| 24:47 | Create | Villager (Male) |
| 24:47 | Create | Villager (Male) |
| 24:47 | Create | Villager (Male) |
| 24:56 | Build | Stable |
| 25:21 | Build | Farm |
| 25:39 | Create | Villager (Male) |
| 26:04 | Build | Archery Range |
| 26:14 | Build | Blacksmith |
| 26:20 | Create | Villager (Male) |
| 26:46 | Create | Villager (Male) |
| 26:49 | Research | Castle Age |
| 27:59 | Build | Market |
| 29:34 | Age | Castle Age |
| 29:39 | Build | Farm |
| 29:49 | Create | Villager (Male) |
| 29:51 | Create | Villager (Male) |
| 29:51 | Create | Villager (Male) |
| 29:51 | Create | Villager (Male) |
| 30:00 | Build | Castle |
| 30:20 | Build | Farm |
| 30:38 | Research | Forging |
| 30:39 | Research | Scale Barding Armor |
| 30:46 | Create | Villager (Male) |
| 30:47 | Create | Villager (Male) |
| 31:09 | Build | Lumber Camp |
| 31:20 | Research | Caravan |
| 31:53 | Build | Castle |
| 31:55 | Create | War Elephant |
| 32:05 | Create | Trade Cart |
| 32:53 | Research | Hand Cart |
| 33:22 | Create | Villager (Male) |
| 33:22 | Create | Villager (Male) |
| 33:22 | Create | Villager (Male) |
| 33:23 | Create | Villager (Male) |
| 33:52 | Research | Gold Shaft Mining |
| 34:57 | Build | Town Center |
| 35:12 | Create | Villager (Male) ×5 |
| 35:27 | Create | Trade Cart |
| 35:30 | Create | Trade Cart |
| 35:59 | Build | Farm |
| 36:12 | Create | Villager (Male) |
| 36:12 | Create | Villager (Male) |
| 36:12 | Create | Villager (Male) |
| 36:12 | Create | Villager (Male) |
| 36:13 | Create | Villager (Male) |
| 36:22 | Create | War Elephant |
| 36:23 | Create | War Elephant |
| 36:23 | Create | War Elephant |
| 36:23 | Create | War Elephant |
| 36:34 | Create | Villager (Male) ×5 |
| 36:34 | Create | Villager (Male) ×5 |
Match timeline
| 10:33 | laodiao-9527 · age_up feudal |
| 11:10 | 尼古丁真 · age_up feudal |
| 11:12 | Nach · first_building Barracks |
| 11:19 | a952920 · first_building Barracks |
| 11:40 | 尼古丁真 · wall_segment Stone Wall x6 |
| 11:48 | a952920 · age_up feudal |
| 11:48 | Kuo_Lo · age_up feudal |
| 11:50 | 尼古丁真 · wall_segment Stone Wall x5 |
| 12:07 | Nach · age_up feudal |
| 12:16 | a952920 · first_building Stable |
| 12:24 | Nach · first_building Stable |
| 12:41 | 斯大林 · age_up feudal |
| 12:47 | 夜晚的奖励哥 · age_up feudal |
| 13:01 | laodiao-9527 · wall_segment Stone Wall x10 |
| 13:07 | laodiao-9527 · wall_segment Stone Wall x9 |
| 14:57 | 夜晚的奖励哥 · first_building Stable |
| 15:15 | 尼古丁真 · first_market_sell 100 food |
| 15:31 | Nach · wall_segment Stone Wall x15 |
| 15:49 | laodiao-9527 · wall_segment Stone Wall x22 |
| 15:57 | a952920 · age_up castle |
| 16:08 | sezer · age_up feudal |
| 16:32 | Kuo_Lo · first_building Barracks |
| 16:45 | laodiao-9527 · wall_segment Stone Wall x3 |
| 17:17 | 夜晚的奖励哥 · age_up castle |
| 17:29 | Kuo_Lo · first_building Stable |
| 18:09 | Kuo_Lo · age_up castle |
| 18:09 | 尼古丁真 · age_up castle |
| 18:19 | 尼古丁真 · first_building Barracks |
| 18:22 | 斯大林 · first_building Barracks |
| 18:55 | 尼古丁真 · first_building Stable |
| 19:48 | 斯大林 · first_building Stable |
| 20:30 | sezer · first_building Barracks |
| 20:55 | Kuo_Lo · first_building Monastery |
| 22:09 | laodiao-9527 · first_building Barracks |
| 22:41 | 尼古丁真 · wall_segment Stone Wall x7 |
| 22:49 | Nach · first_market_buy 100 food |
| 24:34 | sezer · first_building Archery Range |
| 24:56 | laodiao-9527 · first_building Stable |
| 25:16 | Nach · wall_segment Stone Wall x31 |
| 25:35 | Nach · age_up castle |
| 26:04 | laodiao-9527 · first_building Archery Range |
| 26:08 | 斯大林 · age_up castle |
| 27:29 | sezer · first_building Stable |
| 28:32 | a952920 · first_market_buy 100 stone |
| 28:37 | a952920 · first_building Castle |
| 28:37 | Nach · wall_segment Stone Wall x8 |
| 29:26 | sezer · age_up castle |
| 29:34 | laodiao-9527 · age_up castle |
| 30:00 | laodiao-9527 · first_building Castle |
| 30:05 | 尼古丁真 · wall_segment Stone Wall x11 |
| 32:08 | sezer · first_building Siege Workshop |
| 32:32 | Nach · first_building Castle |
| 32:44 | Kuo_Lo · age_up imperial |
| 33:43 | 夜晚的奖励哥 · first_building Castle |
| 34:30 | 夜晚的奖励哥 · age_up imperial |
| 34:33 | sezer · first_building Castle |
| 34:47 | a952920 · age_up imperial |
| 35:58 | 夜晚的奖励哥 · first_building Siege Workshop |
| 36:40 | sezer · first_building Monastery |
| 37:01 | Nach · first_building Archery Range |
| 37:32 | 斯大林 · first_building Monastery |
| 37:40 | a952920 · first_building Archery Range |
| 38:44 | 斯大林 · wall_segment Stone Wall x5 |
| 38:48 | 斯大林 · wall_segment Stone Wall x9 |
| 38:51 | 斯大林 · wall_segment Stone Wall x17 |
| 38:53 | 斯大林 · wall_segment Stone Wall x12 |
| 38:56 | Nach · age_up imperial |
| 39:18 | 斯大林 · wall_segment Stone Wall x15 |
| 39:22 | 斯大林 · wall_segment Stone Wall x27 |
| 39:41 | 斯大林 · wall_segment Stone Wall x2 |
| 40:02 | Kuo_Lo · first_building Castle |
| 41:02 | 斯大林 · wall_segment Stone Wall x16 |
| 41:32 | 斯大林 · age_up imperial |
| 42:01 | 尼古丁真 · wall_segment Stone Wall x6 |
| 42:14 | 尼古丁真 · wall_segment Stone Wall x1 |
| 42:45 | sezer · age_up imperial |
| 42:49 | 斯大林 · wall_segment Stone Wall x1 |
| 44:08 | Nach · first_building Krepost |
| 44:56 | Nach · first_building Siege Workshop |
| 45:42 | 尼古丁真 · first_building Castle |
| 46:12 | Nach · wall_segment Stone Wall x1 |
| 46:14 | Nach · wall_segment Stone Wall x1 |
| 46:16 | Nach · wall_segment Stone Wall x13 |
| 46:29 | 尼古丁真 · first_building Monastery |
| 46:54 | laodiao-9527 · age_up imperial |
| 47:20 | laodiao-9527 · resign |
| 47:47 | 尼古丁真 · tribute_sent a jugador 2 |
| 47:47 | 尼古丁真 · tribute_sent a jugador 3 |
| 47:47 | 尼古丁真 · tribute_sent a jugador 4 |
| 47:47 | 尼古丁真 · tribute_sent a jugador 5 |
| 47:47 | 尼古丁真 · tribute_sent a jugador 6 |
| 47:47 | 尼古丁真 · tribute_sent a jugador 7 |
| 47:47 | 尼古丁真 · tribute_sent a jugador 8 |
[ AI ANALYSIS · 1 CREDIT ]
What really happened in this match?
Wolo.gg analyzes every decision: build order, eco, micro, common mistakes by bracket. Personalized analysis on WhatsApp or Discord in 30 seconds.
Civ guide
Huns
Perfil
Jugador #18830086